 Dungeon Crawl Stone Soup version 0.12.2-9-gf1dcfd2 (webtiles) character file.

1234 plrin the Basher (level 8, 0/73 (79) HPs)
             Began as an Ogre Berserker on June 29, 2013.
             Was a Priest of Trog.
             Succumbed to a kobold's poison
             ... on Level 4 of the Dungeon.
             The game lasted 00:17:50 (6379 turns).

plrin the Basher (Ogre Berserker)                   Turns: 6379, Time: 00:17:50

HP   0/73 (79)   AC  3     Str 22      XL: 8   Next: 33%
MP   7/7         EV 10     Int  8      God: Trog [***...]
Gold 123         SH  0     Dex 10      Spells:  0 memorised,  7 levels left

Res.Fire  : . . .   See Invis. : .   a - +1,+2 morningstar (drain)
Res.Cold  : . . .   Warding    : +   k - +0 animal skin
Life Prot.: + . .   Conserve   : .   (shield restricted)
Res.Poison: .       Res.Corr.  : .   (helmet restricted)
Res.Elec. : .       Clarity    : .   (no cloak)
Sust.Abil.: . .     Spirit.Shd : .   (gloves unavailable)
Res.Mut.  : .       Stasis     : .   (boots unavailable)
Res.Rott. : .       Ctrl.Telep.: .   f - amulet of warding {unknown}
Saprovore : + . .   Flight     : .   (no ring)
                                     (no ring)

@: mildly poisoned, somewhat resistant to hostile enchantments, unstealthy
A: unfitting armour, fast metabolism 1, saprovore 1, tough skin 1, Str -1, Dex
+1
a: Burn Spellbooks, Berserk, Trog's Hand, Renounce Religion


You were on level 4 of the Dungeon.
You worshipped Trog.
Trog was greatly pleased with you.
You were not hungry.

You visited 2 branches of the dungeon, and saw 6 of its levels.

You collected 199 gold pieces.
You spent 96 gold pieces at shops.

Inventory:

Hand weapons
 a - a +1,+2 morningstar of draining (weapon)
 b - a +0 blowgun
 w - a +0,+0 giant club
Missiles
 d - 50 stones (quivered)
 o - 8 poisoned needles
Armour
 k - a +0 animal skin (worn)
Magical devices
 u - a wand of teleportation (5) {unknown}
Comestibles
 c - 3 meat rations
Scrolls
 e - 2 scrolls of amnesia {unknown}
 g - 3 scrolls of remove curse {unknown}
 h - 2 scrolls of enchant weapon I
 i - a scroll of magic mapping {unknown}
 j - 2 scrolls of identify {unknown}
 l - 2 scrolls of teleportation {unknown}
 m - a scroll of enchant weapon II
 n - 3 scrolls of random uselessness {unknown}
 q - a scroll of blinking {unknown}
Jewellery
 f - an amulet of warding (around neck) {unknown}


   Skills:
 - Level 4.0 Fighting
 * Level 12.3 Maces & Flails
 - Level 2.9 Dodging


You had 7 spell levels left.
You didn't know any spells.

Dungeon Overview and Level Annotations

Branches:
Dungeon (5/27)             Temple (1/1) D:4

Altars:
Ashenzari
Cheibriados
Elyvilon
Kikubaaqudgha
Makhleb
Nemelex Xobeh
Okawaru
Sif Muna
Vehumet

Shops:
D:4: (

Annotations
D:5 Blork the orc, Ijyb


Innate Abilities, Weirdness & Mutations

You are too large for most types of armour.
You have a fast metabolism.
You can tolerate rotten meat.
You have tough skin (AC +1).
Your muscles are flexible, but weak (Str -1, Dex +1).


Message History

* * * LOW HITPOINT WARNING * * *
You feel sick.
You start resting.
* * * LOW HITPOINT WARNING * * *
You feel sick.
You start resting.
* * * LOW HITPOINT WARNING * * *
You feel sick.
You start resting.
* * * LOW HITPOINT WARNING * * *
You feel sick.
You start resting.
* * * LOW HITPOINT WARNING * * *
You feel sick.
You feel a little better.
You start resting.
* * * LOW HITPOINT WARNING * * *
You feel sick.
You start resting.
You die...

## #...##.#..##.##.#.#
.####......#...#.##.#.#
.......###.#...#.##.#.#
.#.8.#...........##.#.#
....................#.#
.8.>.8.####....#.##.#.#
#.....^####....#.##...#####
.#.8.#....................##
.....(..........@..........#
.####.###.###..#)##.########
..........###..#.##.......#
.##.#.###.................#
.##.#.#######'#####.......#
.##............# #.......#
#####.##.......# #.......#
#.##.......# #.......#
#.##.......# ##......#


There were no monsters in sight!

Vanquished Creatures
  A necrophage (D:4)
  2 phantoms (D:4)
  3 ogres (D:4)
  A giant frog skeleton (D:4)
  A centaur skeleton (D:4)
  An orc priest (D:4)
  9 orc wizards
  3 worker ants (D:4)
  A jelly (D:3)
  4 gnolls (D:3)
  4 adders
  2 worms (D:3)
  A giant eyeball (D:4)
  13 orcs
  4 giant cockroaches
  5 goblins
  5 hobgoblins
  19 jackals
  A quokka (D:3)
  5 bats
  3 giant geckos (D:4)
  3 giant newts
  A hobgoblin skeleton (D:4)
  10 kobolds
  11 rats
113 creatures vanquished.

Vanquished Creatures (others)
  A hobgoblin (D:4)
  A kobold (D:4)
  A ball python (D:1)
  2 rats (D:2)
5 creatures vanquished.

Grand Total: 118 creatures vanquished

Notes
Turn   | Place    | Note
--------------------------------------------------------------
     0 | D:1      | plrin, the Ogre Berserker, began the quest for the Orb.
     0 | D:1      | Reached XP level 1. HP: 23/23 MP: 0/0
   246 | D:1      | Reached XP level 2. HP: 22/32 MP: 1/1
   285 | D:1      | Reached skill level 5 in Maces & Flails
   900 | D:1      | Reached XP level 3. HP: 39/39 MP: 2/2
  1809 | D:3      | Reached skill level 6 in Maces & Flails
  2028 | D:3      | Acquired Trog's second power
  2097 | D:3      | Reached XP level 4. HP: 48/48 MP: 3/3
  2342 | D:3      | Reached skill level 7 in Maces & Flails
  2552 | D:3      | Found a snail-covered altar of Cheibriados.
  2566 | D:3      | Reached XP level 5. HP: 18/54 MP: 4/4
  3210 | D:4      | Paralysed by a giant eyeball for 2 turns
  3259 | D:4      | Reached skill level 8 in Maces & Flails
  3271 | D:4      | Reached XP level 6. HP: 56/63 MP: 5/5
  3528 | D:4      | Found Pymo's Antique Weapon Shop.
  3558 | D:4      | Reached skill level 9 in Maces & Flails
  3791 | D:4      | Bought a runed morningstar for 96 gold pieces
  4000 | D:4      | Found a staircase to the Ecumenical Temple.
  4002 | D:4      | Noticed an ogre
  4008 | D:4      | Killed an ogre
  4227 | Temple   | Entered the Ecumenical Temple
  4390 | D:4      | Noticed a phantom
  4408 | D:4      | Reached skill level 10 in Maces & Flails
  4408 | D:4      | Reached XP level 7. HP: 61/70 MP: 6/6
  4444 | D:4      | Killed a phantom
  4594 | D:4      | Noticed an ogre
  4601 | D:4      | Killed an ogre
  4760 | D:4      | Reached skill level 11 in Maces & Flails
  5066 | D:5      | Entered Level 5 of the Dungeon
  5069 | D:5      | Noticed Blork the orc
  5264 | D:3      | Gained mutation: Your body is slowly deteriorating. [potion of mutation]
  5264 | D:3      | Gained mutation: Your muscles are flexible, but weak (Str -1, Dex +1). [potion of mutation]
  5264 | D:3      | Lost mutation: Your body is slowly deteriorating. [potion of mutation]
  5265 | D:3      | Paralysed by a potion of paralysis for 2 turns
  5544 | D:4      | Reached XP level 8. HP: 79/79 MP: 7/7
  5936 | D:4      | Reached skill level 12 in Maces & Flails
  6326 | D:5      | Noticed Ijyb
  6365 | D:4      | HP: 3/73 [poisoned by a kobold]
  6371 | D:4      | HP: 3/73 [poisoned by a kobold]
  6375 | D:4      | HP: 1/73 [poisoned by a kobold]
  6379 | D:4      | Succumbed to a kobold's poison

Action                   |  1- 3 |  4- 6 |  7- 9 || total
-------------------------+-------+-------+-------++-------
Melee: Mace              |   110 |   115 |       ||   225
       Morningstar       |       |    19 |   104 ||   123
Throw: Stone             |    21 |     8 |     5 ||    34
Invok: Berserk           |     2 |     6 |     8 ||    16
  Use: Scroll            |     7 |       |       ||     7
       Potion            |     4 |       |     6 ||    10
